AoeStats
← GoldPhantom

Fortress

507538479Analyzed
3v3 RM · 15d ago on Sep 18, 2026· 79m 13s· 6 players
Game mode
Random Map
Map size
Large (8 player)
Population
200
Speed
Normal
Resources
Standard
Victory
Conquest
Starting age
Dark Age
Ending age
Imperial Age
RankedLock teamsTeams togetherTeam positionsShared explorationLock speedFull tech treeHidden civsTurbo modeCheats
Victory
Defeat
🇹🇷 Britons · Türkiye
920
+15
🇹🇷 Mongols · Türkiye
896
+16
🇹🇷 Spanish · Türkiye
821
+18
🇳🇱 Hindustanis · Netherlands
903
-17
🇭🇰 Mongols · Hong Kong SAR China
901
-17
🇧🇴 Spanish · Bolivia
850
-15
champagnepapi
9:36 Feudal Age
10:51 Double-Bit Axe
10:56 Horse Collar
11:52 Gold Mining
11:56 Stone Mining
17:30 Castle Age
19:36 Wheelbarrow
21:21 Heavy Plow
23:17 Stone Shaft Mining
23:12 Bow Saw
24:41 Bloodlines
24:31 Husbandry
24:43 Husbandry
26:11 Hand Cart
27:05 Scale Barding Armor
27:10 Forging
32:34 Imperial Age
30:42 Caravan
31:14 Coinage
32:01 Ballistics
31:33 Guard Tower
31:45 Murder Holes
32:00 Fortified Wall
32:03 Masonry
34:35 Chemistry
34:43 Banking
34:58 Conscription
34:46 Arrowslits
36:21 Keep
36:18 Architecture
36:00 Elite Conquistador
38:03 Bombard Tower
40:58 Chain Barding Armor
40:48 Forging
42:06 Guilds
51:41 Clinker Construction
51:53 Shipwright
51:44 Careening
51:40 Siphons
57:42 Carvel Hull
58:07 Dry Dock
57:26 Sappers
58:33 Hoardings
57:35 Sappers
59:11 Supremacy
62:54 Inquisition
63:38 Iron Casting
63:38 Plate Barding Armor
64:19 Light Cavalry
66:02 Blast Furnace
76:01 Spies/Treason
77:09 Scale Mail Armor
77:13 Padded Archer Armor
77:03 Fletching
76:35 Hussar
76:38 Cavalier
78:44 Paladin
79:41 Chain Mail Armor
79:22 Bodkin Arrow
79:42 Leather Archer Armor
78:59 Pikeman
78:59 Man-at-Arms
79:40 Squires
79:25 Gambesons
79:26 Arson
part time god
7:03 Feudal Age
10:27 Double-Bit Axe
13:19 Castle Age
13:37 Bloodlines
13:31 Padded Archer Armor
13:21 Fletching
14:32 Leather Archer Armor
16:24 Bow Saw
18:22 Bodkin Arrow
27:02 Imperial Age
25:00 Ballistics
24:46 Loom
29:07 Bracer
30:12 Chemistry
30:28 Wheelbarrow
30:09 Elite Mangudai
31:17 Town Watch
31:24 Horse Collar
32:20 Husbandry
37:09 Nomads
38:48 Caravan
45:05 Pikeman
45:49 Squires
45:41 Arson
46:09 Forging
45:59 Scale Mail Armor
46:05 Scale Barding Armor
48:07 Chain Mail Armor
48:27 Iron Casting
49:01 Chain Barding Armor
57:57 Plate Mail Armor
58:28 Blast Furnace
57:36 Devotion
57:37 Atonement
57:47 Fervor
57:33 Herbal Medicine
57:59 Heresy
57:55 Siege Engineers
57:42 Guard Tower
58:03 Masonry
57:50 Murder Holes
58:06 Fortified Wall
58:10 Clinker Construction
57:22 Man-at-Arms
58:16 Long Swordsman
58:21 Heavy Camel Rider
58:24 Light Cavalry
58:26 Cavalier
59:49 Hoardings
61:02 Two-Handed Swordsman
68:42 Elite Skirmisher
68:48 Crossbowman
69:36 Thumb Ring
74:14 Drill
DoktorSanta
8:11 Feudal Age
12:20 Castle Age
10:20 Double-Bit Axe
10:16 Horse Collar
20:43 Yeomen
22:49 Wheelbarrow
26:31 Imperial Age
24:16 Fletching
24:28 Padded Archer Armor
24:52 Ballistics
27:31 Block Printing
27:47 Conscription
29:44 Chemistry
28:41 Bodkin Arrow
29:02 Leather Archer Armor
30:42 Theocracy
30:20 Fervor
30:42 Caravan
31:23 Fervor
30:56 Elite Longbowman
32:35 Bracer
33:05 Ring Archer Armor
32:35 Gold Mining
34:58 Loom
35:30 Hand Cart
35:01 Town Watch
36:12 Coinage
36:02 Guilds
36:10 Guilds
39:37 Banking
40:27 Capped Ram
53:54 Bow Saw
53:46 Heavy Plow
54:04 Masonry
53:34 Treadmill Crane
53:45 Heated Shot
54:06 Careening
54:01 Siege Engineers
53:51 Murder Holes
54:16 Shipwright
54:07 Clinker Construction
54:08 Fortified Wall
53:48 Guard Tower
54:04 Siphons
53:44 Arrowslits
54:14 Forging
54:05 Scale Mail Armor
54:10 Scale Barding Armor
54:08 Town Patrol
54:54 Sanctity
54:35 Devotion
55:01 Illumination
54:31 Herbal Medicine
54:08 Sappers
56:10 Warwolf
57:10 Faith
57:22 Architecture
57:13 Dry Dock
61:57 Keep
61:43 Carvel Hull
60:45 Heavy Cavalry Archer
60:45 Elite Skirmisher
60:45 Crossbowman
62:02 Iron Casting
61:42 Chain Mail Armor
61:48 Chain Barding Armor
60:51 Onager
60:54 Heavy Scorpion
62:12 Hoardings
61:00 Spies/Treason
61:26 Arson
61:42 Squires
61:27 Gambesons
61:03 Man-at-Arms
61:03 Pikeman
62:20 Gold Shaft Mining
62:48 Two-Man Saw
61:39 Stone Mining
62:38 Light Cavalry
62:39 Cavalier
63:19 Husbandry
64:21 Blast Furnace
64:29 Plate Mail Armor
67:34 Arbalester
68:51 Plate Barding Armor
76:40 Long Swordsman
76:40 Halberdier
78:30 Two-Handed Swordsman
79:08 Champion
sfdejonge
1:04 Loom
7:46 Feudal Age
12:10 Castle Age
10:01 Double-Bit Axe
10:30 Horse Collar
11:29 Gold Mining
14:14 Bow Saw
15:05 Wheelbarrow
15:57 Heavy Plow
19:04 Stone Mining
20:24 Gold Shaft Mining
19:44 Town Watch
21:41 Husbandry
23:59 Scale Barding Armor
24:21 Forging
28:55 Hand Cart
29:06 Caravan
32:26 Imperial Age
30:44 Bloodlines
31:11 Iron Casting
30:58 Chain Barding Armor
30:48 Light Cavalry
32:46 Masonry
33:25 Squires
33:29 Grand Trunk Road
33:23 Heavy Camel Rider
33:29 Hussar
35:14 Blast Furnace
34:50 Plate Barding Armor
35:20 Two-Man Saw
35:58 Chemistry
36:15 Imperial Camel Rider
38:17 Stone Shaft Mining
38:42 Fletching
38:53 Padded Archer Armor
39:27 Siege Engineers
39:30 Shatagni
39:44 Murder Holes
40:53 Leather Archer Armor
41:08 Fortified Wall
41:18 Ballistics
42:35 Hoardings
42:22 Conscription
Bestia del Congo
1:43 Loom
10:00 Feudal Age
14:58 Castle Age
13:02 Double-Bit Axe
12:58 Horse Collar
16:19 Husbandry
17:45 Bloodlines
23:43 Scale Barding Armor
23:29 Town Watch
31:08 Imperial Age
32:18 Conscription
33:31 Wheelbarrow
32:56 Town Patrol
33:04 Heavy Plow
34:01 Cavalier
34:48 Fletching
34:59 Padded Archer Armor
38:02 Chemistry
36:42 Elite Skirmisher
40:03 Bodkin Arrow
42:29 Bracer
42:54 Ballistics
43:05 Paladin
GoldPhantom
7:18 Feudal Age
7:49 Loom
7:52 Double-Bit Axe
14:13 Castle Age
13:18 Gold Mining
14:06 Fletching
15:47 Bow Saw
16:32 Husbandry
21:21 Padded Archer Armor
22:14 Ballistics
22:41 Bodkin Arrow
23:29 Bloodlines
24:59 Wheelbarrow
24:10 Town Watch
24:24 Town Watch
25:12 Stone Mining
26:40 Horse Collar
28:29 Thumb Ring
29:14 Stone Shaft Mining
30:45 Leather Archer Armor
36:07 Imperial Age
34:09 Fortified Wall
34:13 Scale Barding Armor
34:20 Forging
33:32 Light Cavalry
35:46 Caravan
36:01 Heavy Plow
36:24 Elite Mangudai
37:37 Bracer
38:40 Hand Cart
40:01 Conscription
39:07 Hussar
40:06 Town Patrol
42:31 Chain Barding Armor
44:13 Iron Casting
48:30 Blast Furnace
48:14 Gold Shaft Mining
49:04 Chemistry
54:38 Onager
56:30 Herbal Medicine
57:18 Siege Onager
58:25 Drill
58:54 Siege Engineers
62:47 Murder Holes
63:03 Masonry
63:31 Hoardings
Connection lost

Rejoining the realm…

Still unreachable

The connection could not be restored.

Session expired

The server has moved on; the page needs a fresh start.